 Dungeon Crawl Stone Soup version 0.20.1-1-g8b1a95d (console) character file.

37 hilaritas the Conjurer (level 3, -4/15 HPs)
             Began as a Felid Conjurer on Feb 14, 2018.
             Slain by a worm (12 damage)
             ... on level 2 of the Dungeon.
             The game lasted 00:03:39 (1343 turns).

hilaritas the Conjurer (Felid Conjurer)             Turns: 1343, Time: 00:03:40

Health: -4/15      AC:  1    Str:  4    XL:     3   Next: 23%
Magic:  1/7        EV: 18    Int: 17    God:
Gold:   69         SH:  0    Dex: 16    Spells: 0/6 levels left
                                        Lives:  0   Deaths: 0

rFire    . . .     SeeInvis +     - Unarmed
rCold    . . .     Gourm    .   (shield unavailable)
rNeg     . . .     Faith    .   (armour unavailable)
rPois    .         Spirit   .   (helmet unavailable)
rElec    .         Reflect  .   (cloak unavailable)
rCorr    .         Harm     .   (gloves unavailable)
MR       .....                  (boots unavailable)
Stlth    +++.......             (no amulet)
Regen    0.1/turn               (no ring)
MPRegen  0.1/turn               (no ring)

@: quick
A: no armour, no weapons or thrown items, stealth, claws 1, fangs 3, see
invisible, carnivore 3, speed 1, shaggy fur 1, slow metabolism 1, sharp paws
a: no special abilities


You were on level 2 of the Dungeon.
You were completely stuffed.

You visited 1 branch of the dungeon, and saw 2 of its levels.

You collected 69 gold pieces.

Inventory:

Jewellery
 d - an uncursed ring of fire
 h - an uncursed ring of ice
Scrolls
 e - a scroll of remove curse
Potions
 c - a potion of ambrosia {unknown}
 i - a potion of invisibility {unknown}
Books
 a - a book of Conjurations

   Spells                             Type                      Level
   a - Magic Dart                     Conjuration                  1
   b - Searing Ray                    Conjuration                  2
   c - Dazzling Spray                 Conjuration/Hexes            3
   d - Fulminant Prism                Conjuration/Hexes            4
   e - Force Lance                    Conjuration/Translocation    4
   f - Iskenderun's Mystic Blast      Conjuration                  4
Comestibles
 b - 2 meat rations
 f - a royal jelly
 g - 5 chunks of flesh


   Skills:
 * Level 1.4 Fighting
 - Level 2.6 Dodging
 * Level 3.4 Stealth
 * Level 1.3 Unarmed Combat
 + Level 2.2 Spellcasting
 - Level 3.6 Conjurations


You couldn't memorise any spells.
You knew the following spells:

 Your Spells              Type           Power        Failure   Level  Hunger
a - Magic Dart            Conj           ##..         4%          1    #......
b - Searing Ray           Conj           ##....       6%          2    ###....
c - Dazzling Spray        Conj/Hex       #.....       26%         3    ###....


Dungeon Overview and Level Annotations

Branches:
Dungeon (2/15)

Altars:

Annotations:
D:2 Jessica


Innate Abilities, Weirdness & Mutations

You cannot wear armour.
You are incapable of wielding weapons or throwing items.
Your paws allow you to move quietly. (Stealth)
You have sharp claws.
You have razor-sharp teeth.
You have supernaturally acute eyesight. (SInv)
You are carnivorous and can eat meat at any time.
You cover ground quickly.
You are covered in fur. (AC +1)
You have a slow metabolism.
Your sharp claws are effective at attacking unaware monsters.


Message History

You scratch the jackal.
The jackal is moderately wounded.
The jackal closely misses you.
You scratch the jackal but do no damage.
The jackal is moderately wounded.
The jackal completely misses you.
The jackal bites you but does no damage.
You scratch the jackal but do no damage.
The jackal is moderately wounded.
The jackal barely misses you.
You scratch the jackal.
The jackal is severely wounded.
The jackal completely misses you. x2
You scratch the jackal.
You kill the jackal!
You barely miss the worm.
Jessica the Apprentice Sorceress comes into view.
She is wielding a club.
You barely miss the worm. The worm bites you!
Ouch! That really hurt!
You die...

########## #####
#........#
....####........########
....'..'........@w......
(.[.####........##...###
....# #........# .....
....# #........# ...@
##### #........# .?.
#........# ## #.....)..#
#........# #........#
##########


You could see a worm and Jessica (wandering).

Vanquished Creatures
  A worm (D:2)
  A dart slug (D:2)
  A ball python (D:1)
  A giant cockroach (D:1)
  6 goblins
  4 hobgoblins (D:1)
  3 jackals (D:2)
  A bat (D:2)
  6 frilled lizards
  5 kobolds (D:1)
  A rat (D:1)
30 creatures vanquished.

Notes
Turn   | Place    | Note
-------+----------+-------------------------------------------
     0 | D:1      | hilaritas the Felid Conjurer began the quest for the Orb.
     0 | D:1      | Reached XP level 1. HP: 7/7 MP: 4/4
   372 | D:1      | Reached skill level 1 in Unarmed Combat
   419 | D:1      | Reached XP level 2. HP: 12/12 MP: 4/6
   467 | D:1      | Reached skill level 1 in Fighting
   474 | D:1      | Learned a level 2 spell: Searing Ray
  1242 | D:2      | Reached XP level 3. HP: 15/15 MP: 5/7
  1247 | D:2      | Learned a level 3 spell: Dazzling Spray
  1343 | D:2      | Noticed Jessica
  1343 | D:2      | Slain by a worm

Skill      XL: |  1  2 |
---------------+-------+-----
Unarmed Combat | 1 |  1.3
Fighting       | 1 |  1.4
Stealth        | 3 |  3.4
Dodging        | |  2.6
Spellcasting   | |  2.2
Conjurations   | |  3.6

Action                   || total
-------------------------++-------
Melee: Unarmed           ||    18
       Bite              ||     1
 Cast: Magic Dart        ||    56
  Use: Scroll            ||     4
  Eat: Chunk             ||     9
Armor: Skin              ||     1
Dodge: Dodged            ||    18
